 Dungeon Crawl Stone Soup version 0.20.0-10-g0535bb4 (webtiles) character file.

2508 Jannitor the Nimble (level 9, -5/103 HPs)
             Began as a Vampire Gladiator on June 3, 2017.
             Was a Priest of Qazlal.
             Slain by an orc knight
             ... wielding a +0 war axe
              (21 damage)
             ... in a bailey.
             The game lasted 00:25:35 (7366 turns).

Jannitor the Nimble (Vampire Gladiator)             Turns: 7366, Time: 00:25:35

Health: -5/103     AC: 24    Str: 13 (14) XL:     9   Next: 28%
Magic:  13/13      EV:  2    Int:  8 (11) God:    Qazlal [***...]
Gold:   187        SH:  4    Dex: 17 (19) Spells: 8/8 levels left

rFire    + . .     SeeInvis +   a - +0 long sword
rCold    . . .     Gourm    .   (no shield)
rNeg     + + +     Faith    .   (armour currently unavailable)
rPois    +         Spirit   .   (helmet currently unavailable)
rElec    .         Reflect  .   (cloak currently unavailable)
rCorr    .         Harm     .   (gloves currently unavailable)
MR       .....     NoTele   +   (boots currently unavailable)
Stlth    +.........             (no amulet)
Regen    0.5/turn               q - ring of protection from fire
MPRegen  0.2/turn               m - +2 ring of dexterity

@: tree-form (expiring), regenerating quickly
A: see invisible
a: Upheaval, Elemental Force, Renounce Religion


You were in a bailey.
You worshipped Qazlal.
Qazlal was most pleased with you.
You were very full.
You were a tree.
You visited 2 branches of the dungeon, and saw 9 of its levels.
You also visited: Bailey.

You collected 382 gold pieces.
You spent 195 gold pieces at shops.

Inventory:

Hand Weapons
 a - a +0 long sword (weapon)
Missiles
 d - 5 throwing nets
 A - 27 tomahawks of returning (quivered)
 C - 7 javelins
Armour
 b - a +0 leather armour
 c - a +0 helmet
 k - a +0 cloak
 l - a +1 hat (melded)
 o - a +0 buckler
 v - the +1 robe "Vuvvul" {MP+9 Int+5}
   (You bought it in a shop on level 4 of the Dungeon)

   It affects your intelligence (+5).
   It affects your magic capacity (+9).
 D - a +0 pair of boots (melded)
 E - the cursed +1 leather armour of the Jabberwock (melded) {+Fly MR++ Str+2}
   (You found it on level 7 of the Dungeon)

   It affects your strength (+2).
   It affects your resistance to hostile enchantments.
   It lets you fly.
   It has a curse placed upon it.
Jewellery
 g - an uncursed ring of protection from fire
 i - a +3 ring of intelligence {unknown}
 m - a +2 ring of dexterity (right branch)
 q - a ring of protection from fire (left branch)
 t - an uncursed ring of see invisible {unknown}
 w - an uncursed amulet of guardian spirit {unknown}
 y - an uncursed ring of protection from cold {unknown}
Wands
 f - a wand of polymorph (16/24)
Scrolls
 h - 2 scrolls of teleportation
 r - 2 scrolls of magic mapping
 u - 3 scrolls of enchant armour {unknown}
 x - 5 scrolls of identify
Potions
 e - 4 potions of blood
 s - a potion of flight
 z - 2 potions of curing


   Skills:
 + Level 5.7 Fighting
 + Level 6.8 Long Blades
 + Level 2.2 Throwing
 + Level 8.0 Dodging
 + Level 5.3 Invocations


You had 8 spell levels left.
You didn't know any spells.

Dungeon Overview and Level Annotations

Branches:
Dungeon (8/15)             Temple (1/1) D:4
   Lair: D:8-11

Altars:
Ashenzari
Cheibriados
Dithmenos
Elyvilon
Fedhas
Gozag
Hepliaklqana
Kikubaaqudgha
Makhleb
Nemelex Xobeh
Okawaru
Qazlal
Ru
Sif Muna
Trog
Uskayaw
Vehumet
Xom
Yredelemnul
Zin
The Shining One
Lugonu

Shops:
D:4 [[[   D:6 [!?(}


Innate Abilities, Weirdness & Mutations

Your natural rate of healing is unusually fast.
((You have razor-sharp teeth.))
You have supernaturally acute eyesight. (SInv)
((You can survive without breathing.))


Message History

The orc knight is lightly wounded.
The orc warrior hits you but does no damage.
You barely miss the orc knight.
The orc knight is lightly wounded.
The orc knight hits you but does no damage.
You hit the orc knight but do no damage.
The orc knight is lightly wounded.
The orc warrior hits you with a war axe!!
The orc knight hits you but does no damage.
You hit the orc knight but do no damage.
The orc knight is lightly wounded.
The orc warrior hits you with a war axe!!
* * * LOW HITPOINT WARNING * * *
You block the orc knight's attack.
You hit the orc knight.
The orc knight is lightly wounded.
Your transformation is almost over.
You block the orc warrior's attack.
The orc knight hits you with a war axe!!
You die...

##..∩......####
##.............####
###≈≈≈≈≈≈≈≈≈........###
###≈≈≈≈≈≈≈≈≈≈≈≈≈≈.......##
###≈≈≈≈#########≈≈≈≈≈......##
###≈≈≈≈≈K#.......#∩≈≈≈≈≈≈.....###
≈≈≈≈≈≈####.......####o≈≈≈≈≈≈≈≈≈≈#
≈≈≈≈≈.#..####'####..#....[≈≈≈≈≈≈≈
≈≈..###.......go♣oo.###..))..#≈≈≈
≈...# '..####'####..'.#..(..#####
....###..# #..###.)(.)).##
#...'.#..# #..#.(.)†)...(#
##..###### ##(#(........##
#.......#########..().......##
##.......................####
###########.#############
###..##......#


You could see an orc knight, 2 orc warriors and a hobgoblin.

Vanquished Creatures
  The ghost of McKennaii the Slasher, an amateur DsAK of Lugonu (D:3)
  A hungry ghost (D:7)
  The ghost of matyilona the Poker, an amateur MfSk of Uskayaw (D:4)
  A water moccasin (D:5)
  A sky beast (D:7)
  A phantom (D:5)
  An ice beast (D:5)
  3 ogres
  5 orc warriors
  2 centaurs
  A scorpion (D:6)
  A crimson imp (D:5)
  A bullfrog zombie (D:6)
  A centaur zombie (D:5)
  An orc priest (D:6)
  2 hounds (D:6)
  A jelly (D:5)
  5 orc wizards
  2 iguanas
  5 worker ants
  4 gnolls
  10 adders
  A howler monkey skeleton (D:6)
  2 oozes
  3 worms
  2 adder zombies (D:6)
  A dart slug (D:1)
  6 leopard geckos
  14 orcs
  2 bat zombies (D:4)
  5 giant cockroaches
  6 goblins
  9 hobgoblins
  7 jackals
  6 quokkas
  A ball python skeleton (D:4)
  10 bats
  6 frilled lizards
  A jackal skeleton (D:7)
  A jackal zombie (D:5)
  21 kobolds
  5 rats
  2 rat zombies (D:4)
162 creatures vanquished.

Vanquished Creatures (others)
  An orc wizard (D:7)
1 creature vanquished.

Grand Total: 163 creatures vanquished

Notes
Turn   | Place    | Note
-------+----------+-------------------------------------------
     0 | D:1      | Jannitor the Vampire Gladiator began the quest for the Orb.
     0 | D:1      | Reached XP level 1. HP: 16/16 MP: 1/1
   242 | D:1      | Reached XP level 2. HP: 15/22 MP: 2/2
   621 | D:1      | Reached XP level 3. HP: 27/27 MP: 3/3
   654 | D:1      | Reached skill level 4 in Dodging
  1387 | D:2      | Found a faded altar of an unknown god.
  1394 | D:2      | Became a worshipper of Qazlal Stormbringer
  1394 | D:2      | Reached * piety under Qazlal
  1443 | D:3      | Noticed McKennaii's ghost (amateur DsAK)
  1468 | D:3      | Killed McKennaii's ghost
  1468 | D:3      | Reached skill level 1 in Invocations
  1468 | D:3      | Reached XP level 4. HP: 18/34 MP: 3/5
  1468 | D:3      | Reached XP level 5. HP: 22/40 MP: 3/6
  1614 | D:3      | Found a glowing silver altar of Zin.
  1763 | D:3      | Found a white marble altar of Elyvilon.
  1822 | D:3      | Reached skill level 5 in Dodging
  1911 | D:3      | Upgraded the game from 0.20.0-9-g8272e65 to 0.20.0-10-g0535bb4
  2082 | D:3      | Found a blossoming altar of Fedhas.
  2334 | D:4      | Reached XP level 6. HP: 35/47 MP: 7/7
  2339 | D:4      | Found a hazy altar of Hepliaklqana.
  2361 | D:4      | Noticed matyilona's ghost (amateur MfSk)
  2384 | D:4      | Found a staircase to the Ecumenical Temple.
  2421 | D:4      | Killed matyilona's ghost
  2426 | D:4      | Reached ** piety under Qazlal
  2531 | D:4      | Found a snail-covered altar of Cheibriados.
  2549 | D:4      | Found Qint's Antique Armour Shoppe.
  2557 | D:4      | Bought a wizard robe for 125 gold pieces
  2575 | D:4      | Found an opulent altar of Gozag.
  2575 | D:4      | Found a sparkling altar of Nemelex Xobeh.
  2680 | D:4      | Found an ancient bone altar of Kikubaaqudgha.
  2753 | D:4      | Found Ruihas Koru's Weapon Boutique.
  2762 | D:4      | Found a shadowy altar of Dithmenos.
  2828 | D:4      | Found a glowing drain.
  3015 | D:4      | Identified the cursed +1 robe "Vuvvul" {MP+9 Int+5} (You bought it in a shop on level 4 of the Dungeon)
  3048 | D:4      | Reached XP level 7. HP: 42/52 MP: 9/9
  3133 | D:4      | Found Lutsoraf's Antique Armour Boutique.
  3158 | Temple   | Entered the Ecumenical Temple
  3349 | D:4      | Found Xexkev's Armour Boutique.
  3641 | D:5      | Entered Level 5 of the Dungeon
  3666 | D:5      | Reached skill level 5 in Long Blades
  4067 | D:5      | Reached skill level 6 in Dodging
  4242 | D:5      | Reached XP level 8. HP: 61/61 MP: 10/10
  4892 | D:6      | Found Jaggaos's Antique Weapon Boutique.
  4990 | D:6      | Reached *** piety under Qazlal
  4997 | D:6      | Found Asut's Magic Scroll Emporium.
  5013 | D:6      | Found Ahaciuf's Distillery.
  5023 | D:6      | Bought a potion of heal wounds for 70 gold pieces
  5116 | D:6      | Found Ikisupe's Gadget Shoppe.
  5245 | D:6      | Found Ceneu's Armour Boutique.
  5281 | D:6      | Reached skill level 7 in Dodging
  5497 | D:6      | Reached skill level 5 in Fighting
  6118 | D:7      | Reached skill level 5 in Invocations
  6120 | D:7      | Reached XP level 9. HP: 64/68 MP: 12/12
  6164 | D:7      | Found a deep blue altar of Sif Muna.
  6551 | D:7      | Found a deep blue altar of Sif Muna.
  6692 | D:7      | Found a bloodstained altar of Trog.
  6874 | D:7      | Got a translucent leather armour
  6886 | D:7      | Identified the cursed +1 leather armour of the Jabberwock {+Fly MR++ Str+2} (You found it on level 7 of the Dungeon)
  7012 | D:8      | Found a flagged portal.
  7022 | Bailey   | Entered a bailey
  7029 | Bailey   | Noticed an orc knight
  7157 | Bailey   | Reached skill level 8 in Dodging
  7366 | Bailey   | Slain by an orc knight

Skill      XL: |  1  2  3  4  5  6  7  8  9 |
---------------+----------------------------+-----
Fighting       | 2 3 4 5 |  5.7
Dodging        | 4 5 6 7 8 |  8.0
Long Blades    | 4 5 6 |  6.8
Invocations    | 1 2 3 5 |  5.3
Throwing       | 2 |  2.2

Action                   |  1- 3 |  4- 6 |  7- 9 || total
-------------------------+-------+-------+-------++-------
Melee: Long sword        |   106 |   124 |   360 ||   590
       Bite              |    10 |    14 |    64 ||    88
Throw: Throwing net      |       |       |     5 ||     5
       Tomahawk          |       |       |    26 ||    26
       Javelin           |       |       |     3 ||     3
Invok: Upheaval          |       |       |     3 ||     3
  Use: Potion            |    12 |     8 |    35 ||    55
       Scroll            |       |     5 |     2 ||     7
 Stab: Invisible         |     2 |     1 |       ||     3
       Sleeping          |     2 |       |       ||     2
       Held in net/web   |       |       |     2 ||     2
Armor: Leather armour    |    21 |    34 |    14 ||    69
       Robe              |       |       |    34 ||    34
       Skin              |       |       |     5 ||     5
Dodge: Dodged            |    87 |   110 |   341 ||   538
Block: Other             |     4 |     5 |    55 ||    64
       Rpst.: Long sword |    27 |    34 |    97 ||   158
